Cogmind - Beta 13 @@@ ROGUE MODE // 2024.07.27 @ 21:32:30 Player: ZergFTW Result: Self-destructed Performance ------------- Evolutions (3) 1500 Regions Visited (6) 1200 Robots Destroyed (74) 370 Value Destroyed (1819) 1819 Prototype IDs (26) 520 Alien Tech Used (0) 0 Bonus (300) 300 TOTAL SCORE: 5709 Bonus ------- Aligned with FarCom 300 Cogmind --------- Core Integrity 685/700 Matter 269/300 Energy 0/100 System Corruption 1% Temperature Cool (24) Movement Treading (240) Ox1 Location -7/Factory Parts ------- > --- POWER (1) -------- (None) > --- PROPULSION (4) --- Light Treads Light Treads Light Treads Light Treads > --- UTILITY (5) ------ Huge Storage Unit Improved Targeting Computer Hardened Light Armor Plating Hardened Medium Armor Plating Hardlight Generator > --- WEAPON (3) ------- Autogun Enhanced Autogun Enhanced Autogun > --- INVENTORY (25) --- Nuclear Core Light Treads Light Treads Light Treads Compact Matter Pod (107) Structural Scanner Improved Salvage Targeting Computer Targeting Computer Melee Analysis Suite Hardened Light Armor Plating Hardened Light Armor Plating Layered Light Armor Plating Hardlight Generator Hacking Suite Heavy Assault Rifle Heavy Assault Rifle Assault Cannon Shock Bomb Launcher Shock Bomb Launcher Shock Bomb Launcher Mini Grenade Launcher Mini Grenade Launcher Great Maul Axe Longsword +1 Peak State ------------ > --- POWER ------------ Deuterium Engine > --- PROPULSION ------- Light Treads Light Treads Light Treads Light Treads > --- UTILITY ---------- Huge Storage Unit Improved Targeting Computer Hardened Light Armor Plating Hardened Medium Armor Plating Hardlight Generator > --- WEAPON ----------- Autogun Enhanced Autogun Enhanced Autogun > --- INVENTORY -------- Nuclear Core Light Treads Light Treads Light Treads Compact Matter Pod Structural Scanner Improved Salvage Targeting Computer Targeting Computer Melee Analysis Suite Hardened Light Armor Plating Hardened Light Armor Plating Layered Light Armor Plating Hardlight Generator Hacking Suite Heavy Assault Rifle Heavy Assault Rifle Assault Cannon Shock Bomb Launcher Shock Bomb Launcher Shock Bomb Launcher Mini Grenade Launcher Mini Grenade Launcher Axe Longsword +1 [Rating: 34] Favorites ----------- Power Ion Engine Engine Ion Engine Propulsion Light Treads Treads Light Treads Utility High-capacity Storage Unit Device Sensor Array Storage High-capacity Storage Unit Processor Improved Targeting Computer Protection Hardened Medium Armor Plating Weapon Assault Rifle Energy Cannon Beam Cannon Ballistic Gun Assault Rifle Ballistic Cannon Light Cannon Launcher Mini Grenade Launcher Slashing Weapon Axe Build | -11 -10 -10 -10 -9 -8 -7 ------- Run | Yrd Mat Min Exi Min Mat Fac Slots Evolved 6 | . . . . . 4 2 Power . | . . . . . . . Propulsion 2 | . . . . . 2 . Utility 3 | . . . . . 2 1 Weapon 1 | . . . . . . 1 Parts Attached 75 | 6 22 . 1 3 40 3 Power 6 | 1 2 . . 1 2 . Engine 6 | 1 2 . . 1 2 . Core . | . . . . . . . Reactor . | . . . . . . . Propulsion 21 | 2 7 . . . 12 . Treads 21 | 2 7 . . . 12 . Leg . | . . . . . . . Wheel . | . . . . . . . Hover . | . . . . . . . Flight . | . . . . . . . Utility 19 | 1 6 . 1 . 10 1 Device 4 | . 1 . . . 3 . Storage 5 | 1 3 . . . 1 . Processor 2 | . 1 . . . 1 . Hackware . | . . . . . . . Protection 8 | . 1 . 1 . 5 1 Artifact . | . . . . . . . Weapon 29 | 2 7 . . 2 16 2 Energy Gun . | . . . . . . . Energy Cannon 1 | . 1 . . . . . Ballistic Gun 16 | 2 4 . . 1 7 2 Ballistic Cannon 1 | . 1 . . . . . Launcher 7 | . 1 . . 1 5 . Special Weapon . | . . . . . . . Impact Weapon . | . . . . . . . Slashing Weapon 4 | . . . . . 4 . Piercing Weapon . | . . . . . . . Special Melee Weapon . | . . . . . . . Unidentified Prototypes 1 | . . . . . 1 . Parts Lost 5 | . 2 . . 1 1 1 Power 3 | . . . . 1 1 1 Propulsion 1 | . 1 . . . . . Utility . | . . . . . . . Weapon 1 | . 1 . . . . . Highest Loss Streak 2 | . 2 . . 1 1 1 To Critical Strikes . | . . . . . . . Average Slot Usage (%) 99 | . 98 100 100 99 99 99 Engine 11 | . 13 14 14 13 8 6 Treads 31 | . 27 28 28 28 35 30 Device 9 | . 11 14 12 . 9 7 Storage 11 | . 14 14 14 14 9 7 Processor 3 | . 1 . . . 7 7 Protection 6 | . . . 1 14 9 15 Energy Cannon 1 | . 4 . . . . . Ballistic Gun 15 | . 20 14 14 13 13 23 Ballistic Cannon 5 | . 2 14 14 14 2 . Naked Turns . | . . . . . . . Heaviest Build 116 | 14 51 51 51 52 108 116 Greatest Support 80 | 40 40 40 40 40 80 80 Greatest Overweight (x) 1 | . 1 1 1 1 1 1 Average Overweight (x) . | . . 1 1 1 . 1 Largest Inventory Capacity 25 | 8 20 20 20 20 25 25 Average Capacity 20 | 7 18 20 20 20 22 25 Most Carried 25 | 1 16 18 20 20 25 25 Average Carried 17 | . 8 17 18 19 21 24 Final Capacity 25 | 8 20 20 20 20 25 25 Final Carried 25 | 1 16 18 20 19 25 25 Class Distribution -------------------- 86% | Mutant 9% | Scavenger-Mutant 3% | Tank Dominant Class ---------------- Mutant | -10/Materials Mutant | -10/Mines Mutant | -10/Exiles Mutant | -9/Mines Mutant | -8/Materials Tank | -7/Factory Resources | -11 -10 -10 -10 -9 -8 -7 ----------- Run | Yrd Mat Min Exi Min Mat Fac Matter Collected 2458 | 302 805 49 10 38 1091 163 Remotely . | . . . . . . . Salvage Created 2407 | 98 947 73 . 53 1182 54 Parts 164 | 2 64 10 . 6 74 8 Haulers Intercepted 3 | . 2 . . . 1 . Recyclers Shooed 4 | . 1 . . . 3 . Parts Field Recycled . | . . . . . . . Retrieved Matter . | . . . . . . . Parts Self-Destructed . | . . . . . . . Prevented . | . . . . . . . Kills | -11 -10 -10 -10 -9 -8 -7 ------- Run | Yrd Mat Min Exi Min Mat Fac Combat Hostiles Destroyed 47 | . 19 3 . 3 20 2 Guns 27 | . 11 2 . . 12 2 Cannons 5 | . 4 1 . . . . AOE 15 | . 4 . . 3 8 . Classes Destroyed 14 | 2 7 . . . 3 2 Worker 4 | . 1 . . . 3 . Builder 5 | . 5 . . . . . Tunneler 2 | 1 . 1 . . . . Hauler 3 | . 2 . . . 1 . Recycler 5 | 1 1 . . . 3 . Mechanic 1 | . . . . . 1 . Operator 3 | . 2 . . . 1 . Watcher 4 | . 3 . . . 1 . Swarmer 13 | . 6 3 . . 4 . Grunt 25 | . 13 . . 3 9 . Duelist 1 | . . . . . 1 . Sentry 6 | . . . . . 6 . Demolisher 1 | . . . . . . 1 Programmer 1 | . . . . . . 1 Best Kill Streak 7 | 2 7 3 . 3 6 1 Combat Bots Only 6 | . 6 3 . 3 4 1 Max Kills in Single Turn 3 | 1 3 1 . 2 2 1 Gunslinging . | . . . . . . . Exploded 3 | . 3 . . 2 2 . Melee . | . . . . . . . Uniques/NPCs Destroyed . | . . . . . . . Combat | -11 -10 -10 -10 -9 -8 -7 -------- Run | Yrd Mat Min Exi Min Mat Fac Hostile Shots Fired 196 | . 83 16 . 6 65 26 Missed 39 | . 13 6 . 3 14 3 Damage Taken 2078 | . 749 89 . 45 621 574 Core 172 | . 110 9 . 18 20 15 Absorbed by Shields 164 | . . . . . 156 8 Redirected to Shielding 6 | . . . . 3 3 . Regen/Repaired (Parts) 503 | . 350 . . . 153 . Core Remaining (%) 80 | 100 . . . 45 96 . Volleys Fired 189 | 7 91 7 . 3 71 10 Largest 3 | 2 2 2 . 2 2 3 Hottest 80 | 40 80 55 . 65 60 73 Shots Fired 387 | 14 181 14 . 6 142 30 Gun 327 | 14 153 7 . . 123 30 Cannon 49 | . 26 7 . 3 13 . Launcher 11 | . 2 . . 3 6 . Special . | . . . . . . . Kinetic 354 | 14 157 14 . 3 136 30 Thermal 22 | . 22 . . . . . Explosive 11 | . 2 . . 3 6 . Electromagnetic . | . . . . . . . Robot Hit Streak 27 | 3 19 4 . 6 27 6 Robot Miss Streak 4 | 2 4 1 . . 2 3 Penetration Max . | . . . . . . . Secondary Targets 3 | . 1 . . . 2 . Max Gunslinging Chain 1 | . 1 . . . 1 . Shots Hit Robots 252 | 6 111 7 . 4 105 19 Core Hits 118 | 3 47 4 . 7 51 6 Critical Kills 1 | . 1 . . . . . Critical Parts Destroyed . | . . . . . . . Critical Strikes 1 | . 1 . . . . . Destroy 1 | . 1 . . . . . Melee Attacks 11 | . . . . . 11 . Impact . | . . . . . . . Slashing 11 | . . . . . 11 . Piercing . | . . . . . . . Sneak Attacks 3 | . . . . . 3 . Combat Hostiles . | . . . . . . . Follow-up Attacks . | . . . . . . . Damage Inflicted 5243 | 64 1755 113 . 281 2641 389 Guns 3288 | 64 1240 58 . . 1537 389 Cannons 526 | . 283 55 . 32 156 . Explosions 1167 | . 232 . . 249 686 . Melee 262 | . . . . . 262 . Ramming . | . . . . . . . Kinetic 3586 | 64 1295 113 . 32 1693 389 Thermal 228 | . 228 . . . . . Explosive 1167 | . 232 . . 249 686 . Electromagnetic . | . . . . . . . Impact . | . . . . . . . Slashing 262 | . . . . . 262 . Piercing . | . . . . . . . Highest Corruption 1 | . . . . . . 1 Average Corruption 1 | . . . . . . 1 Corruption Purged . | . . . . . . . Corruption Blocked . | . . . . . . . Effects 3 | . . . . . . 3 Matter Fused 1 | . . . . . . 1 Data Loss (minor) 1 | . . . . . . 1 Data Loss (major) 1 | . . . . . . 1 Overload Shots . | . . . . . . . Overflow Damage 31 | . . . . . 31 . Projectiles . | . . . . . . . Explosions . | . . . . . . . Melee 31 | . . . . . 31 . Knockbacks 3 | . 1 . . 2 . . Impact . | . . . . . . . Kinetic 2 | . 1 . . 1 . . Secondary 1 | . . . . 1 . . Self-Inflicted Damage . | . . . . . . . Shots . | . . . . . . . Rammed . | . . . . . . . Targets Rammed . | . . . . . . . Kicked . | . . . . . . . Crushed . | . . . . . . . Highest Temperature 234 | . 132 . . 7 184 234 Average Temperature 49 | . 41 . . 4 43 96 Received Heat Transfer 622 | . 312 . . 24 274 12 Siege Activations . | . . . . . . . Robots Corrupted . | . . . . . . . Combat Hostiles . | . . . . . . . Parts Fried . | . . . . . . . Impact Corruptions . | . . . . . . . Robots Melted . | . . . . . . . Combat Hostiles . | . . . . . . . Parts Melted 1 | . 1 . . . . . Heat Transferred 481 | . 481 . . . . . Parts Sabotaged . | . . . . . . . Parts Stolen . | . . . . . . . Parts Stripped . | . . . . . . . Power Chain Reactions . | . . . . . . . Alert | -11 -10 -10 -10 -9 -8 -7 ------- Run | Yrd Mat Min Exi Min Mat Fac Peak Influence 362 | 10 358 183 . 85 362 168 Initial 128 | . 6 108 . . . 128 Average 138 | 3 194 123 . 23 130 143 Maximum Alert Level 1 | . 1 . . . 1 . Low Security (%) 65 | 100 39 100 . 100 69 100 Level 1 34 | . 60 . . . 30 . Level 2 . | . . . . . . . Level 3 . | . . . . . . . Level 4 . | . . . . . . . Level 5 . | . . . . . . . High Security . | . . . . . . . Max Security . | . . . . . . . Squads Dispatched 16 | . 8 . . . 6 2 Investigation 7 | . 5 . . . 2 . Extermination . | . . . . . . . Reinforcement 5 | . 3 . . . 2 . Assault 1 | . . . . . 1 . Garrison 3 | . . . . . 1 2 Intercept . | . . . . . . . Searches Triggered . | . . . . . . . Construction Impeded . | . . . . . . . Haulers Reinforced . | . . . . . . . Active Scanning Responses . | . . . . . . . Cargo Convoy Interrupts . | . . . . . . . Stealth | -11 -10 -10 -10 -9 -8 -7 --------- Run | Yrd Mat Min Exi Min Mat Fac Distress Signals 1 | . . . . . . 1 Communications Jammed . | . . . . . . . Distress Signals . | . . . . . . . Times Spotted 71 | . 28 3 . 3 25 12 Peak Tracking Total 8 | . 5 3 . 2 5 8 Tactical Retreats 3 | . . . . . 3 . Traps | -11 -10 -10 -10 -9 -8 -7 ------- Run | Yrd Mat Min Exi Min Mat Fac Traps Triggered 5 | . 4 . . . . 1 Indirectly . | . . . . . . . Trap Hack Attempts . | . . . . . . . Triggered . | . . . . . . . Disarmed 12 | . 6 . . . 6 . Reprogrammed . | . . . . . . . Reused . | . . . . . . . Traps Extracted . | . . . . . . . Installed . | . . . . . . . Triggered . | . . . . . . . Machines | -11 -10 -10 -10 -9 -8 -7 ---------- Run | Yrd Mat Min Exi Min Mat Fac Machines Disabled 5 | . 3 . . . 2 . Max in Single Turn 1 | . 1 . . . 1 . Garrison Access 1 | . . . . . 1 . Machines Repaired . | . . . . . . . Machines Dismantled . | . . . . . . . Machines Sabotaged . | . . . . . . . Overloaded Fab Kills . | . . . . . . . Hacking | -11 -10 -10 -10 -9 -8 -7 --------- Run | Yrd Mat Min Exi Min Mat Fac Machines Accessed 26 | . 10 . 2 . 14 . Terminals 16 | . 7 . . . 9 . Fabricators . | . . . . . . . Repair Stations 3 | . 1 . . . 2 . Recycling Units 4 | . 2 . . . 2 . Scanalyzers 1 | . . . . . 1 . Garrison Access . | . . . . . . . Total Hacks 125 | . 46 . 24 . 55 . Successful 90 | . 31 . 24 . 35 . Failed 34 | . 14 . . . 20 . Catastrophic 4 | . 2 . . . 2 . Database Lockouts 1 | . 1 . . . . . Manual 57 | . 23 . 1 . 33 . Terminals 67 | . 28 . . . 39 . Fabricators . | . . . . . . . Repair Stations 19 | . 11 . . . 8 . Recycling Units 10 | . 7 . . . 3 . Scanalyzers 5 | . . . . . 5 . Garrison Access . | . . . . . . . Terminal Hacks 47 | . 9 . 24 . 14 . Record 24 | . . . 23 . 1 . Part Schematic 1 | . 1 . . . . . Robot Analysis 7 | . 3 . . . 4 . Prototype ID Bank 1 | . 1 . . . . . Branch Access Points 2 | . 1 . . . 1 . Alert Level 2 | . . . . . 2 . Unreport Threat 1 | . . . . . 1 . Locate Traps 2 | . 1 . . . 1 . Disarm Traps 2 | . 1 . . . 1 . Recall Investigation 1 | . 1 . . . . . Hauler Manifests 1 | . . . . . 1 . Zone Layout 2 | . . . . . 2 . Derelict Proto ID Bank 1 | . . . 1 . . . Fabricator Hacks . | . . . . . . . Repair Station Hacks 16 | . 10 . . . 6 . Scan Component 8 | . 5 . . . 3 . Repair 8 | . 5 . . . 3 . Recycling Unit Hacks 3 | . 2 . . . 1 . Report Inventory 2 | . 1 . . . 1 . Retrieve Components 1 | . 1 . . . . . Scanalyzer 5 | . . . . . 5 . Insert Component 3 | . . . . . 3 . Analyze 2 | . . . . . 2 . Garrison Access Hacks . | . . . . . . . Unauthorized Hacks 18 | . 9 . . . 9 . Terminals 14 | . 7 . . . 7 . Assimilate 1 | . 1 . . . . . Botnet 13 | . 6 . . . 7 . Fabricators . | . . . . . . . Repair Stations . | . . . . . . . Recycling Units 4 | . 2 . . . 2 . Tunnel 4 | . 2 . . . 2 . Scanalyzers . | . . . . . . . Garrison Access . | . . . . . . . Data Cores Recovered 1 | . . . . . 1 . Used . | . . . . . . . Hacking Detections 19 | . 8 . . . 11 . Full Trace Events 2 | . 1 . . . 1 . Feedback Events . | . . . . . . . Feedback Blocked . | . . . . . . . Robot Schematics Acquired . | . . . . . . . Robots Built . | . . . . . . . Authchips . | . . . . . . . Time . | . . . . . . . Total Robot Build Rating . | . . . . . . . Part Schematics Acquired 3 | . 1 . . . 2 . Parts Built . | . . . . . . . Authchips . | . . . . . . . Time . | . . . . . . . Total Part Build Rating . | . . . . . . . Parts Repaired 8 | . 5 . . . 3 . Time 208 | . 130 . . . 78 . Parts Recycled . | . . . . . . . Recycled Matter . | . . . . . . . Retrieved Matter . | . . . . . . . Retrieved Components 10 | . 10 . . . . . Parts Scanalyzed 2 | . . . . . 2 . Part Schematics Acquired 2 | . . . . . 2 . Parts Damaged . | . . . . . . . Bothacking | -11 -10 -10 -10 -9 -8 -7 ------------ Run | Yrd Mat Min Exi Min Mat Fac Used RIF Installer . | . . . . . . . Robots Hacked . | . . . . . . . Non-combat . | . . . . . . . Combat . | . . . . . . . Robot Hacks Applied . | . . . . . . . Relay Couplers Released 3 | . . . . . 3 . Machine Destruction 3 | . . . . . 3 . Fabnet Peak Effective % . | . . . . . . . Robots Rewired . | . . . . . . . Allies Hacked . | . . . . . . . Hacks Repelled . | . . . . . . . Allies | -11 -10 -10 -10 -9 -8 -7 -------- Run | Yrd Mat Min Exi Min Mat Fac Total Allies . | . . . . . . . Largest Group . | . . . . . . . Highest-Rated Group . | . . . . . . . Highest-Rated Ally . | . . . . . . . Total Orders . | . . . . . . . Ally Attacks . | . . . . . . . Total Damage . | . . . . . . . Kills . | . . . . . . . Allies Corrupted . | . . . . . . . Allies Melted . | . . . . . . . Intel | -11 -10 -10 -10 -9 -8 -7 ------- Run | Yrd Mat Min Exi Min Mat Fac Robot Analysis Total 7 | . 3 . . . 4 . Derelict Logs Recovered 2 | . . . . 2 . . Drone Launches . | . . . . . . . Drone Recoveries . | . . . . . . . Exploration | -11 -10 -10 -10 -9 -8 -7 ------------- Run | Yrd Mat Min Exi Min Mat Fac Turns Passed 8550 | 95 2382 254 1130 741 3658 290 Spaces Moved 3276 | 42 838 97 470 294 1426 109 Core 2 | 2 . . . . . . Treads 3274 | 40 838 97 470 294 1426 109 Legs . | . . . . . . . Wheels . | . . . . . . . Hover . | . . . . . . . Flight . | . . . . . . . Fastest Speed 50 | 50 160 240 240 240 160 240 Average Speed 211 | 154 226 240 240 240 185 240 Slowest Speed 240 | 160 240 240 240 240 240 240 Overloaded Moves . | . . . . . . . Propulsion Burnouts . | . . . . . . . Robots Hopped . | . . . . . . . Cave-ins Triggered . | . . . . . . . Exploration Rate (%) 52 | 4 98 29 91 66 78 4 Regions Visited 6 Branch Regions 3 Pre-discovered Areas 5 | . 2 . 1 . 2 . Known Exits Taken 1 | . 1 . . . . . Unknown Exits Taken 5 | 1 . 1 1 1 1 . Scrap Searched . | . . . . . . . Spaces Dug 7 | . . . . . 7 . Terrain Destroyed 64 | . 7 . . 15 42 . Melee 7 | . . . . . 7 . Projectile . | . . . . . . . AOE 57 | . 7 . . 15 35 . Terrain Rammed . | . . . . . . . Walls Destroyed . | . . . . . . . Machines Disabled . | . . . . . . . Actions | -11 -10 -10 -10 -9 -8 -7 --------- Run | Yrd Mat Min Exi Min Mat Fac Total 4544 | 55 1133 105 472 323 2332 124 Wait 902 | . 162 . . 24 716 . Move 3270 | 41 837 96 469 293 1425 109 Hop . | . . . . . . . Pick Up 57 | 1 18 2 2 . 32 2 Fast Attach 18 | 6 7 . . . 5 . Attach 8 | . 2 . . 1 3 2 Detach . | . . . . . . . Swap 49 | . 13 . 1 2 32 1 Drop 40 | . 3 . . . 37 . Fire 189 | 7 91 7 . 3 71 10 Melee 11 | . . . . . 11 . Ram . | . . . . . . . Kick . | . . . . . . . Crush . | . . . . . . . Escape Stasis . | . . . . . . . Rewire . | . . . . . . . Trap . | . . . . . . . Miscellaneous . | . . . . . . . Route ------- -11/Scrapyard -10/Materials (discovered 6 exits: [*Mat x3] / *Min x2 / [*Sub]) -10/Mines -10/Exiles -9/Mines -8/Materials (discovered 2 exits: [*Fac x2]) -7/Factory History --------- Turn | Location | Event 12 | -11/Scrapyard | Discovered new exit (range 15) 96 | -11/Scrapyard | Entered Materials 306 | -10/Materials | Build established: Mutant 674 | -10/Materials | Discovered new exit (range 16) 838 | -10/Materials | Discovered new exit (range 16) 1159 | -10/Materials | Discovered new exit (range 6) 1409 | -10/Materials | Repaired Lgt. Treads 1436 | -10/Materials | Repaired Assault Rifle 1464 | -10/Materials | Repaired Lgt. Treads 1491 | -10/Materials | Repaired Lgt. Treads 1518 | -10/Materials | Repaired Structural Scanner 1686 | -10/Materials | Discovered new exit (range 9) 1722 | -10/Materials | Identified exit to Mines 1722 | -10/Materials | Central database locked down 2098 | -10/Materials | Discovered new exit (range 13) 2478 | -10/Materials | Entered Mines 2500 | -10/Mines | Met a Derelict bent on vengeance 2722 | -10/Mines | Deemed a non-threat by the Exiles lab entrance 2722 | -10/Mines | Discovered new exit (range 5) 2732 | -10/Mines | Entered Exiles 2792 | -10/Exiles | Met 8R-AWN 2833 | -10/Exiles | Met EX-HEX 2900 | -10/Exiles | Met EX-BIN 2929 | -10/Exiles | Aligned with FarCom system 2932 | -10/Exiles | Given EX-Vault access code 2989 | -10/Exiles | Opened EX-Vault 3004 | -10/Exiles | Found Longsword +1 3053 | -10/Exiles | Warned to stay clear of 0b10 Research branches 3134 | -10/Exiles | Learned location of Zion (-7) 3137 | -10/Exiles | Met EX-DEC 3404 | -10/Exiles | Visited The Gauntlet 3830 | -10/Exiles | Discovered new exit (range 14) 3862 | -10/Exiles | Left Exiles lab with Longsword +1 3862 | -10/Exiles | Entered Mines 3872 | -9/Mines | Learned Materials stockpile data 4060 | -9/Mines | Core integrity fell below 50% 4593 | -9/Mines | Discovered new exit (range 5) 4603 | -9/Mines | Entered Materials 4603 | -8/Materials | Evolved 4 slots: Propulsion x2, Utility x2 4648 | -8/Materials | Garrison activated, responded to threat 4850 | -8/Materials | Met 7R-MNS 5059 | -8/Materials | Repaired Lgt. Armor Plating 5080 | -8/Materials | Discovered new exit (range 16) 5214 | -8/Materials | Build established: Scavenger-Mutant 6044 | -8/Materials | Build established: Mutant 6151 | -8/Materials | Discovered new exit (range 16) 6392 | -8/Materials | Repaired Lgt. Treads 6419 | -8/Materials | Repaired Lgt. Treads 8261 | -8/Materials | Entered Factory 8261 | -7/Factory | Evolved 2 slots: Utility x1, Weapon x1 8262 | -7/Factory | Caught up to 7R-MNS 8341 | -7/Factory | Garrison activated, responded to threat 8535 | -7/Factory | Assembled infested ambush trap array 8549 | -7/Factory | Garrison activated, responded to threat 8551 | -7/Factory | Build established: Tank 8551 | -7/Factory | Self-destructed Last Messages --------------- 08539_ K-01 Serf cleans the Recycling Unit. 08541_ C-30 ARC bursts open, deploying its payload. 08541_ D-53 Grenadier unfolds itself. 08545_ as-47274 emerges from a hatch in the floor. 08545_ as-69241 emerges from a hatch in the floor. 08545_ as-55961 emerges from a hatch in the floor. 08545_ as-99501 destroyed. 08545_ as-47274 destroyed. 08545_ as-23607 destroyed. 08545_ as-71098 destroyed. 08545_ as-69241 destroyed. 08545_ K-01 Serf destroyed. 08547_ as-55961 destroyed. 08548_ The unstable cave ceiling collapses. 08548_ S-27 Virus destroyed. 08549_ D-53 Grenadier calls for garrison reinforcements. 08549_ ALERT: Activating Garrison Access F002. 08549_ D-53 Grenadier destroyed. 08551_ System corrupted: Component data lost. 08551_ R-06 Scavenger collects Wheel. Map ----- +----------------------------------------------------+ | ?????????????????????????????????????????????????? | | ?????????????????????????????????????????????????? | | ?????????????????????????????????????????????????? | | ?????????????????????????????????????????????????? | | ?????????????????????????????????????????????????? | | ?????????????????????????????????????????????????? | | ?????????????????????????????????????????????????? | | ?????????????????????????????????????????????????? | | ?????????????????????????????????????????????????? | | ?????????????????????????????????????????????????? | | ?????????????????p???????????????????????????????? | | ?????????????????????????????????????????????????? | | ?????????????????????????????????????????????????? | | ?????????????????????????????????????????????????? | | ?????????????????????????????????????????????????? | | ?????????????????????????????????????????????????? | | ?????????????????????????????????????????????????? | | ?????????????????????????????????????????????????? | | ?????????????????????????????????? #????????????? | | ?????????????????????????????????? #????????????? | | ???????????????????????##?##????? % #????????????? | | ##???????????########### # ###?? #????????????? | | ???????????? ## #????????????? | | "????? """ # #????????????? | | ""????! [[! """ ## r #????????????? | | """??? [!/ """ @ !dl ##### ???????? | | """"?? [!/ | ! ]% ?????? | | ??! """ " """ ?????? | | """"??????? """ " "Y" % =?????? | | """"???????? """ *" %" " ##### ??????? | | """"???????? # " ###????????????? | | ""?????????############ " #??????????????? | | ????????????????????# " #??????????????? | | +###################### " #??????????????? | | " #??????????????? | | =!= b" #??????????????? | | ! * #??????????????? | | +###################s## " " " #??????????????? | | #??????" # " " " #??????????????? | | = #??????"s # " " " #??????????????? | | #????? s # u" " " #??????????????? | | #????? !! # ^" " " #??????????????? | | #???? ! # " " " #??????????????? | | #????###### ^" " " #??????????????? | | #?????????## " " " #??????????????? | | #??????????# " " "?? #??????????????? | | #?????????? ??????????????????? | | #??????????# ? ??????????????????? | | ! #??????????# ????????????????????? | | ! #??????????? ##????????????????????? | +----------------------------------------------------+ Best States ------------- Heat Dissipation 34 Energy Generation 14 Energy Capacity 275 Matter Stores 300 Matter Capacity 300 Sight Range 16 Robot Scan Range 14 Terrain Scan Density 10 Armor Coverage 375 Core Shielding 20 Weapon Shielding 33 Evasion (%) 40 Targeting Accuracy 6 Recoil Reduction 4 Item Schematics ----------------- Hcp. Storage Unit | -10/Materials | Hacked Hacking Suite | -8/Materials | Scanalyzed Mni. Grenade Launcher | -8/Materials | Scanalyzed Robot Schematics ------------------ None Fabricated ------------ Nothing Alien Tech Used ----------------- None Achievements -------------- None Challenges ------------ None Game ------ Seed LargeRecoilInverter Manual? 0 Play Time 01:03:17 Cumulative 109.9 hours Start 2024.07.26 @ 21:40:29 End 2024.07.27 @ 21:32:30 Sessions 3 Manual Loads 0 Difficulty Rogue Special Mode None Game No. 63 Rogue 62 Adventurer 1 Explorer 0 Win Type - Total 1 Types 1/0/0/0/0/0/0/0/0 Lore% 51 Gallery% 47 Achievement% 46 Wizard Run 0 Options --------- Layout 1 ASCII 0 Keyboard 0 Movement Mouse Keybinds 0 Fullscreen 1 Font 24/Proggy Map View 76x35 Zoom Use 0% Tactical HUD 1 Map Filters NONE Filters NONE Steam 1 RUN: c3cbe928-2b2e-43f9-8566-c8e28619cd7d